 Dungeon Crawl Stone Soup version 0.28.0-53-g5a82cb258f (webtiles) character file.

Game seed: 1700255778112904935

98 tkbsonic5 the Chucker (level 4, 0/49 HPs)
             Began as an Ogre Hunter on Aug 21, 2022.
             Slain by an ice beast (14 damage)
             ... on level 3 of the Dungeon.
             The game lasted 00:08:15 (2932 turns).

tkbsonic5 the Chucker (Ogre Hunter)                 Turns: 2932, Time: 00:08:16

Health: 0/49       AC:  3    Str: 16    XL:     4   Next: 71%
Magic:  4/4        EV: 10    Int: 12    God:
Gold:   64         SH:  5    Dex: 11    Spells: 3/3 levels left

rFire   . . .      SeeInvis +   p - +0 mace
rCold   . . .      Faith    .   (no shield)
rNeg    . . .      Spirit   .   b - +0 robe
rPois   .          Reflect  +   (helmet restricted)
rElec   .          Harm     .   (no cloak)
rCorr   .          Rampage  .   (gloves unavailable)
Will    .....                   (boots unavailable)
Stlth   +.........              f - amulet of reflection
HPRegen 0.16/turn               r - ring of see invisible
MPRegen 0.09/turn               (no ring)

@: no status effects
A: large, unfitting armour, tough skin 1
a: no special abilities


You were on level 3 of the Dungeon.
You visited 1 branch of the dungeon, and saw 3 of its levels.

You collected 64 gold pieces.

Inventory:

Hand Weapons
 a - a +0 short sword
 g - a +0 club
 m - a +0 hand axe
 p - a +0 mace (weapon)
Missiles
 c - a large rock (quivered)
 d - 2 throwing nets
 h - 6 curare-tipped darts
 j - 21 stones
Armour
 b - a +0 robe (worn)
Jewellery
 f - an amulet of reflection (around neck)
 o - a ring of protection from fire
 r - a ring of see invisible (left hand)
Scrolls
 e - a scroll of teleportation
Potions
 i - a potion of brilliance {unknown}
 l - a potion of might {unknown}
 n - a potion of degeneration {unknown}
 q - a potion of mutation {unknown}


   Skills:
 * Level 4.4 Fighting
 * Level 4.8 Throwing
 + Level 2.5 Dodging
 - Level 0.6 Stealth


You had 3 spell levels left.
You didn't know any spells.
Your spell library was empty.

Dungeon Overview and Level Annotations

Branches:
Dungeon (3/15)

Altars:
Elyvilon
Uskayaw

Shops:
D:1 *


Innate Abilities, Weirdness & Mutations

You are too large for most types of armour.
You have tough skin. (AC +1)


Message History

j - 23 stones (gained 2)
The kobold throws a stone.
The stone hits you but does no damage.
The kobold throws a stone.
The stone closely misses you.
Throw: 23 stones
Press: ? - help, Q - select action, (/) - cycle Shift-Dir - straight line, f - kobold
Aim: a kobold, wielding a +0 club and quivering stones (53% to hit)
You throw a stone. The stone completely misses the kobold.
Throw: 22 stones
Press: ? - help, Q - select action, (/) - cycle Shift-Dir - straight line, f/p - kobold
Aim: a kobold, wielding a +0 club and quivering stones (53% to hit)
You throw a stone. The stone closely misses the kobold.
You closely miss the kobold. You block the kobold's attack.
Throw: 5 large rocks
Press: ? - help, Q - select action, (/) - cycle Shift-Dir - straight line, f/p - kobold
Aim: a kobold, wielding a +0 club and quivering stones (53% to hit)
You throw a large rock.
The large rock barely misses the kobold.
The large rock barely misses the ice beast.
The kobold hits you with a +0 club. x2
Throw: 4 large rocks
Press: ? - help, Q - select action, (/) - cycle Shift-Dir - straight line, f/p - kobold
Aim: a kobold, wielding a +0 club and quivering stones (53% to hit)
You throw a large rock. The large rock hits the kobold!!
You kill the kobold!
You block the ice beast's attack.
Throw: 3 large rocks
Press: ? - help, Q - select action, (/) - cycle Shift-Dir - straight line, f - ice beast
Aim: an ice beast (60% to hit)
You throw a large rock.
The large rock completely misses the ice beast.
The ice beast misses you. The ice beast hits you. The ice beast freezes you!
Throw: 2 large rocks
Press: ? - help, Q - select action, (/) - cycle Shift-Dir - straight line, f/p - ice beast
Aim: an ice beast (60% to hit)
You throw a large rock.
The large rock barely misses the ice beast.
The ice beast hits you. The ice beast freezes you! The ice beast hits you.
* * * LOW HITPOINT WARNING * * *
The ice beast freezes you!
You die...

#.# ###.####
#......#
#.#.##.##.###
#.#.........#
#.########.####
#.# #...†...#
#.#####.......#
#@Y..(#.......#.
#####....._.....
###....††.#
#...(...#
#†..†...#
####.#### ..# .#
..


You could see an ice beast.

Vanquished Creatures
  Jessica (D:2)
  2 adders (D:2)
  A worm (D:2)
  2 dart slugs
  5 bats
  4 endoplasms
  3 giant cockroaches
  7 goblins
  5 hobgoblins
  2 kobolds
  A quokka (D:2)
  6 ball pythons
  3 frilled lizards
  3 rats
45 creatures vanquished.

Notes
Turn   | Place    | Note
-------+----------+-------------------------------------------
     0 | D:1      | tkbsonic5 the Ogre Hunter began the quest for the Orb.
     0 | D:1      | Reached XP level 1. HP: 22/22 MP: 1/1
   278 | D:1      | Reached XP level 2. HP: 25/31 MP: 2/2
   500 | D:1      | Found Xuhy's Assorted Antiques.
  1171 | D:1      | Reached XP level 3. HP: 28/37 MP: 3/3
  1407 | D:2      | Found a white marble altar of Elyvilon.
  1784 | D:2      | Noticed Jessica
  1785 | D:2      | Killed Jessica
  1786 | D:2      | Reached XP level 4. HP: 32/48 MP: 4/4
  1919 | D:2      | Found a faded altar of an unknown god.
  2908 | D:3      | Found a hide-covered altar of Uskayaw.
  2917 | D:3      | Noticed an ice beast
  2932 | D:3      | Slain by an ice beast

Illustrated notes

Levels and vault maps discovered:
D:1:      sevenhm_arrival_forest_fort_large_3, layout_loops_ring, serial_shops,
          nicolae_shop_stone
D:2:      layout_loops_ring, nicolae_ecumenical_lake_church, basic_altar,
          skrybe_limestone_x, uniq_jessica
D:3:      layout_loops_corners, nicolae_uskayaw_murder_on_the_dancefloor,
          minivault_27, hangedman_feature_mirror, uniq_sigmund

Skill      XL: |  1  2  3 |
---------------+----------+-----
Fighting       | 3 4 |  4.4
Dodging        | 2 |  2.5
Throwing       | |  4.8
Stealth        | |  0.6

Action                   |  1- 3 |  4- 6 || total
-------------------------+-------+-------++-------
Melee: Short sword       |    24 |       ||    24
       Punch             |     2 |       ||     2
       Club              |    29 |       ||    29
       Hand axe          |    28 |       ||    28
       Mace              |    10 |    47 ||    57
Throw: Large rock        |     7 |     4 ||    11
       Stone             |    30 |    32 ||    62
  Use: Scroll            |       |     3 ||     3
Armor: Robe              |    40 |    14 ||    54
Dodge: Dodged            |    56 |    28 ||    84
Block: Other             |       |     7 ||     7
